 Dungeon Crawl Stone Soup version 0.18.1-8-gdd0e5ea (webtiles) character file.

3044 deorigin the Blocker (level 10, -1/70 HPs)
             Began as a Formicid Fighter on May 31, 2016.
             Was a Believer of Zin.
             Slain by Britaniac's ghost (4 damage)
             ... on level 7 of the Dungeon.
             The game lasted 00:18:31 (6314 turns).

deorigin the Blocker (Formicid Fighter)             Turns: 6314, Time: 00:18:32

Health: -1/70      AC: 13    Str: 22    XL:     10   Next: 11%
Magic:  10/10      EV:  3    Int:  7    God:    Zin [**....]
Gold:   67         SH: 12    Dex: 13    Spells: 0 memorised, 9 levels left

rFire  . . .     SeeInvis +     t - +0 great sword
rCold  . . .     Gourm    .     M - +0 plate armour
rNeg   . . .     Faith    .     c - +0 shield
rPois  .         Spirit   .     (helmet unavailable)
rElec  .         Dismiss  .     k - +0 cloak
rCorr  .         Reflect  .     o - +0 pair of gloves
SustAt .         Harm     .     (no boots)
MR     +....                    (no amulet)
Stlth  ..........               C - +2 ring of evasion
                                (no ring)

@: somewhat resistant to hostile enchantments, extremely unstealthy
A: permanent stasis, dig shafts and tunnels, four strong arms, antennae 3
a: Dig, Shaft Self, Recite, Vitalisation, Donate Gold, Renounce Religion


You were on level 7 of the Dungeon.
You worshipped Zin.
Zin was pleased with you.
You were not hungry.

You visited 1 branch of the dungeon, and saw 7 of its levels.

You collected 371 gold pieces.
You spent 116 gold pieces at shops.
You donated 188 gold pieces to Zin.

Inventory:

Hand Weapons
 a - a +0 long sword
 q - a +0 blowgun
 t - a +0 great sword (weapon)
 D - a cursed -2 morningstar
Missiles
 m - 7 poisoned needles
 z - 8 curare-tipped needles
 L - 6 tomahawks (quivered)
Armour
 b - a +0 scale mail
 c - a +0 shield (worn)
 k - a +0 cloak (worn)
 o - a +0 pair of gloves (worn)
 M - a +0 plate armour (worn)
Jewellery
 l - a cursed -3 ring of protection {unknown}
 C - a +2 ring of evasion (right hand)
Wands
 J - a wand of teleportation (4/9)
Scrolls
 d - a scroll of teleportation
 e - a scroll of remove curse
 h - a scroll of random uselessness {unknown}
 j - 2 scrolls of immolation {unknown}
 p - a scroll of blinking {unknown}
 r - 2 scrolls of identify
 u - a scroll of amnesia {unknown}
 w - 3 scrolls of magic mapping {unknown}
 y - 2 scrolls of noise {unknown}
 F - 2 scrolls of fear
 G - a scroll of recharging {unknown}
 H - 2 scrolls of fog {unknown}
Potions
 g - 4 potions of curing
 n - 4 potions of flight
 x - 2 potions of ambrosia
 A - 2 potions of magic
 B - a potion of heal wounds
 I - a potion of agility {unknown}
 K - 2 potions of lignification {unknown}
Books
 i - a book of Flames

   Spells                             Type                      Level
   a - Flame Tongue                   Conjuration/Fire             1
   b - Throw Flame                    Conjuration/Fire             2
   c - Conjure Flame                  Conjuration/Fire             3
   d - Inner Flame                    Hexes/Fire                   3
   e - Sticky Flame                   Conjuration/Fire             4
   f - Fireball                       Conjuration/Fire             5
 E - Sif Muna's Reference Book on Heat
   (You found it on level 4 of the Dungeon)

   Spells                             Type                      Level
   a - Flame Tongue                   Conjuration/Fire             1
Comestibles
 f - 5 bread rations
 s - a meat ration


   Skills:
 - Level 3.2 Fighting
 * Level 10.1 Long Blades
 - Level 3.2 Armour
 + Level 11.2 Shields


You had 9 spell levels left.
You didn't know any spells.

Dungeon Overview and Level Annotations

Branches:
Dungeon (7/15)             Temple (0/1) D:6

Altars:
Cheibriados
Dithmenos
Fedhas
Gozag
Makhleb
Ru
Sif Muna
Vehumet
Yredelemnul
Zin

Shops:
D:4 ?

Annotations:
D:7 Britaniac's ghost, novice MiFi


Innate Abilities, Weirdness & Mutations

You are under a permanent stasis effect.
You can dig through walls and to a lower floor.
Your four strong arms can wield two-handed weapons with a shield.
You have a pair of large antennae on your head (SInv).


Message History

Britaniac's ghost hits you!
You hit Britaniac's ghost but do no damage.
Britaniac's ghost is heavily damaged.
Britaniac's ghost hits you but does no damage.
You hit Britaniac's ghost but do no damage.
Britaniac's ghost is heavily damaged.
You block Britaniac's ghost's attack.
You hit Britaniac's ghost but do no damage.
Britaniac's ghost is heavily damaged.
Britaniac's ghost hits you!
You hit Britaniac's ghost.
Britaniac's ghost is heavily damaged.
Britaniac's ghost hits you!!
* * * LOW HITPOINT WARNING * * *
You hit Britaniac's ghost but do no damage.
Britaniac's ghost is heavily damaged.
You block Britaniac's ghost's attack. Britaniac's ghost hits you!
Zin protects you from harm! Britaniac's ghost hits you.
You die...

#)#...#....#........ ..
#..##...............
..####.###..............
#..........#...........
#..........##..........
#...>.........# .....
#..........##.# ....
#..........##.#
#.....@W...##..
#..........##.##
#..........##.#
#..........####
.............#
##############


You could see Britaniac's ghost.

Vanquished Creatures
  Pikel (D:7)
  Sigmund (D:4)
  Duvessa (D:7)
  The ghost of Hipnos the Digger, an amateur GrEE (D:4)
  2 ice beasts
  A sky beast (D:6)
  4 slaves (D:7)
  A phantom (D:5)
  A centaur (D:5)
  2 ogres
  2 big kobolds
  A giant frog (D:6)
  Dowan (D:7)
  5 howler monkeys
  7 crimson imps
  A centaur zombie (D:7)
  A quasit (D:6)
  3 orc priests
  A centaur skeleton (D:5)
  4 hounds
  A gnoll shaman (D:6)
  6 orc wizards
  2 iguanas
  7 worker ants
  A hound skeleton (D:7)
  A worker ant zombie (D:5)
  6 gnolls (D:6)
  3 adders
  2 shadow imps (D:5)
  An ooze (D:2)
  An adder skeleton (D:5)
  2 worms (D:2)
  2 dart slugs
  4 giant geckos
  11 orcs
  4 giant cockroaches
  8 hobgoblins
  7 jackals (D:3)
  28 kobolds
  2 quokkas
  A ball python (D:7)
  2 bats (D:3)
  A giant newt (D:1)
  6 goblins
  A jackal zombie (D:6)
  A quokka skeleton (D:4)
  8 rats
  A spectral orc (D:6)
161 creatures vanquished.

Vanquished Creatures (others)
  2 plants (D:7)
2 creatures vanquished.

Grand Total: 163 creatures vanquished

Notes
Turn   | Place    | Note
--------------------------------------------------------------
     0 | D:1      | deorigin the Formicid Fighter began the quest for the Orb.
     0 | D:1      | Reached XP level 1. HP: 18/18 MP: 1/1
    75 | D:1      | Reached XP level 2. HP: 20/24 MP: 2/2
   171 | D:1      | Reached skill level 4 in Shields
   581 | D:2      | Reached XP level 3. HP: 24/29 MP: 3/3
   699 | D:2      | Found a snail-covered altar of Cheibriados.
  1075 | D:2      | Reached XP level 4. HP: 35/35 MP: 4/4
  1104 | D:2      | Found a blossoming altar of Fedhas.
  1107 | D:2      | Found an opulent altar of Gozag.
  1110 | D:2      | Found a radiant altar of Vehumet.
  1113 | D:2      | Found a shadowy altar of Dithmenos.
  2004 | D:4      | Noticed Hipnos's ghost (amateur GrEE)
  2028 | D:4      | Killed Hipnos's ghost
  2028 | D:4      | Reached skill level 5 in Shields
  2028 | D:4      | Reached XP level 5. HP: 16/41 MP: 5/5
  2279 | D:4      | Reached XP level 6. HP: 47/47 MP: 6/6
  2302 | D:4      | Found a deep blue altar of Sif Muna.
  2329 | D:4      | Noticed Sigmund
  2357 | D:4      | Killed Sigmund
  2357 | D:4      | Reached skill level 5 in Long Blades
  2357 | D:4      | Reached skill level 6 in Shields
  2507 | D:4      | Noticed an ogre
  2517 | D:4      | Killed an ogre
  2517 | D:4      | Reached XP level 7. HP: 20/52 MP: 7/7
  3012 | D:4      | Found a sacrificial altar of Ru.
  3211 | D:4      | Reached skill level 7 in Shields
  3227 | D:4      | Identified Sif Muna's Reference Book on Heat (You found it on level 4 of the Dungeon)
  3323 | D:4      | Found Waatodef's Magic Scroll Shop.
  3332 | D:4      | Bought a scroll of fear for 45 gold pieces
  3332 | D:4      | Bought a scroll of fear for 45 gold pieces
  3332 | D:4      | Bought a scroll of identify for 26 gold pieces
  3508 | D:5      | Entered Level 5 of the Dungeon
  3575 | D:5      | Reached XP level 8. HP: 32/58 MP: 8/8
  3879 | D:5      | Reached skill level 8 in Shields
  4284 | D:5      | Found a burning altar of Makhleb.
  4286 | D:5      | Found a glowing silver altar of Zin.
  4286 | D:5      | Noticed an angel
  4286 | D:5      | Noticed a green death
  4293 | D:5      | Became a worshipper of Zin the Law-Giver
  4293 | D:5      | Reached * piety under Zin
  4294 | D:5      | Donated 70 gold pieces to Zin
  4452 | D:5      | Donated 62 gold pieces to Zin
  4613 | D:6      | Reached XP level 9. HP: 58/64 MP: 9/9
  4655 | D:6      | Reached skill level 9 in Shields
  4675 | D:6      | Donated 31 gold pieces to Zin
  4743 | D:6      | Reached ** piety under Zin
  4772 | D:6      | Found a staircase to the Ecumenical Temple.
  4849 | D:6      | Found a basalt altar of Yredelemnul.
  5411 | D:7      | Noticed Britaniac's ghost (novice MiFi)
  5416 | D:7      | Noticed Duvessa
  5580 | D:7      | Reached skill level 10 in Shields
  5624 | D:7      | Noticed Dowan
  5639 | D:7      | Killed Duvessa
  5647 | D:7      | Killed Dowan
  5723 | D:7      | Noticed Pikel
  6172 | D:7      | Killed Pikel
  6172 | D:7      | Reached skill level 10 in Long Blades
  6172 | D:7      | Reached skill level 11 in Shields
  6172 | D:7      | Reached XP level 10. HP: 48/70 MP: 10/10
  6312 | D:7      | HP: 3/70 [Britaniac's ghost (19)]
  6313 | D:7      | Zin protects you from harm!
  6314 | D:7      | Slain by Britaniac's ghost

Skill      XL: |  1  2  3  4  5  6  7  8  9 |
---------------+----------------------------+-----
Shields        | 4 5 6 7 8 11 | 11.2
Long Blades    | 3 4 5 6 8 10 | 10.1
Fighting       | |  3.2
Armour         | |  3.2

Action                   |  1- 3 |  4- 6 |  7- 9 | 10-12 || total
-------------------------+-------+-------+-------+-------++-------
Melee: Long sword        |   102 |   109 |   538 |       ||   749
       Great sword       |       |       |    83 |    20 ||   103
Invok: Donate Gold       |       |       |     3 |       ||     3
 Abil: Dig               |       |       |     3 |       ||     3
  Use: Scroll            |       |       |     8 |       ||     8
       Potion            |       |       |     2 |       ||     2
  Eat: Chunk             |       |     5 |    10 |       ||    15
       Pizza             |       |       |     1 |       ||     1
       Beef jerky        |       |       |     1 |       ||     1
       Meat ration       |       |       |       |     1 ||     1
Armor: Scale mail        |    30 |    33 |    68 |       ||   131
       Plate armour      |       |       |   215 |     3 ||   218
Dodge: Dodged            |    33 |    31 |   227 |     5 ||   296
Block: Shield            |    42 |    54 |   479 |     9 ||   584
